 Dungeon Crawl Stone Soup version 0.28-a0-175-gb2089b6bb7 (webtiles) character file.

Game seed: 3156812329698084593

79565 Nattfarinn the Fighter (level 15, -1/156 HPs)
             Began as an Ogre Hedge Wizard on Aug 17, 2021.
             Was a High Priest of Vehumet.
             Slain by a spriggan rider (3 damage)
             ... on level 6 of the Lair of Beasts.
             The game lasted 01:01:19 (23236 turns).

Nattfarinn the Fighter (Ogre Hedge Wizard)         Turns: 23236, Time: 01:01:20

Health: -1/156     AC: 13    Str: 19    XL:     15   Next: 64%
Magic:  14/28      EV: 12    Int: 19    God:    Vehumet [*****.]
Gold:   897        SH:  0    Dex: 10    Spells: 12/32 levels left

rFire   + . .      SeeInvis .   t - +5 whip (elec)
rCold   . . .      Faith    .   (no shield)
rNeg    + . .      Spirit   .   x - +2 steam dragon scales
rPois   +          Reflect  .   c - +2 hat
rElec   +          Harm     .   s - +2 cloak
rCorr   .          Rampage  .   (gloves unavailable)
Will    +....                   (boots unavailable)
Stlth   ++........              i - amulet of regeneration
HPRegen 1.36/turn               b - ring "Seloaxe" {Wiz Contam rF+ rN+}
MPRegen 0.21/turn               K - ring of the Moon {rElec rPois Dex+2}

@: about to teleport
A: large, unfitting armour, tough skin 1
a: Renounce Religion


You were on level 6 of the Lair of Beasts.
You worshipped Vehumet.
Vehumet was extremely pleased with you.
You visited 3 branches of the dungeon, and saw 18 of its levels.
You also visited: Bailey and Volcano.

You collected 1431 gold pieces.
You spent 534 gold pieces at shops.

Inventory:

Hand Weapons
 t - a +5 whip of electrocution (weapon)
 w - a +0 giant spiked club of freezing
 C - the +1 long sword of Extiten {speed, rN+ Str+3 Int+2}
   (You found it on level 8 of the Dungeon)

   Attacks with this weapon are significantly faster.
   Str:       It affects your strength (+3).
   Int:       It affects your intelligence (+2).
   rN:        It protects you from negative energy.
 N - the +7 quarterstaff "Fyfunt" {drain, rN+ Dex+2 Stlth-}
   (You found it on level 1 of the Lair of Beasts)

   A truly terrible weapon, it drains the life of any living foe it strikes.
   Dex:       It affects your dexterity (+2).
   rN:        It protects you from negative energy.
   Stlth:     It makes you less stealthy.
Missiles
 k - 364 stones
 A - 3 throwing nets
Armour
 c - a +2 hat (worn)
 s - a +2 cloak (worn)
 x - +2 steam dragon scales (worn)
 z - a +0 kite shield
Jewellery
 b - the ring "Seloaxe" (left hand) {Wiz Contam rF+ rN+}
   (You acquired it on level 4 of the Lair of Beasts)

   [ring of wizardry]

   It improves your spell success rate.
   rF:        It protects you from fire.
   rN:        It protects you from negative energy.
   Contam:    It causes magical contamination when unequipped.
 i - an amulet of regeneration (around neck)
 q - a +4 ring of evasion
 B - a +4 ring of evasion
 K - the ring of the Moon (right hand) {rElec rPois Dex+2}
   (You bought it in a shop on level 10 of the Dungeon)

   [ring of poison resistance]

   Dex:       It affects your dexterity (+2).
   rElec:     It insulates you from electricity.
   rPois:     It protects you from poison.
 M - an amulet of guardian spirit
 P - a ring of protection from fire
 Q - a ring of ice
Wands
 h - a wand of flame (60)
 y - a wand of digging (16)
 G - a wand of iceblast (3)
 I - a wand of mindburst (5)
Scrolls
 e - 3 scrolls of immolation
 g - 3 scrolls of silence
 m - 3 scrolls of fog
 u - 3 scrolls of noise {unknown}
 D - 2 scrolls of amnesia {unknown}
 E - a scroll of magic mapping
Potions
 a - a potion of magic {unknown}
 d - 2 potions of cancellation
 j - a potion of invisibility
 l - 8 potions of curing
 o - a potion of haste
 p - a potion of ambrosia
 r - a potion of heal wounds
 v - 2 potions of berserk rage
 F - 3 potions of resistance
 H - 2 potions of might
 J - 2 potions of mutation
 L - a potion of attraction
 O - a potion of brilliance {unknown}
Miscellaneous
 R - a condenser vane


   Skills:
 - Level 12.0 Fighting
 - Level 12.0 Maces & Flails
 - Level 10.0 Dodging
 - Level 1.4 Stealth
 + Level 3.4 Shields
 - Level 9.0 Spellcasting
 - Level 11.2 Conjurations
 - Level 0.8 Summonings
 - Level 0.8 Translocations
 - Level 10.5 Earth Magic


You had 12 spell levels left.
You knew the following spells:

 Your Spells              Type           Power      Damage    Failure   Level
a - Magic Dart            Conj           100%       1d8       1%          1
b - Call Imp              Summ           11%        N/A       3%          2
c - Shock                 Conj/Air       100%       1d9       1%          1
d - Sandblast             Erth           96%        2d20      1%          1
e - Stone Arrow           Conj/Erth      98%        3d13      1%          3
f - Orb of Destruction    Conj           25%        9d10      8%          7
g - Yara's Violent Unrav  Hex/Tmut       4%         3d4       22%         5

Your spell library contained the following spells:

 Spells                   Type           Power      Damage    Failure   Level
 Conjure Ball Lightning   Conj/Air       14%        3x3d6     13%         6
 Freeze                   Ice            32%        1d5       1%          1
 Passwall                 Tmut/Erth      23%        N/A       1%          2
 Poisonous Vapours        Pois/Air       16%        N/A       1%          2
 Static Discharge         Conj/Air       29%        N/A       1%          2
 Conjure Flame            Conj/Fire      29%        6-21      1%          3
 Mephitic Cloud           Conj/Pois/Air  22%        N/A       1%          3
 Hailstorm                Conj/Ice       29%        3d8       1%          4
 Lee's Rapid Deconstruct  Erth           24%        3d14*     1%          5
 Summon Small Mammal      Summ           44%        N/A       2%          1
 Irradiate                Conj/Tmut      14%        3d18      2%          5
 Lightning Bolt           Conj/Air       14%        1d28      2%          5
 Sting                    Tmut/Pois      32%        1d4       3%          1
 Blink                    Tloc           N/A        N/A       3%          2
 Frozen Ramparts          Ice            16%        1d3       3%          3
 Inner Flame              Hex/Fire       8%         N/A       3%          3
 Animate Armour           Summ/Erth      60%        N/A       3%          4
 Corpse Rot               Necr/Air       N/A        N/A       4%          2
 Slow                     Hex            8%         N/A       4%          2
 Call Canine Familiar     Summ           11%        N/A       7%          3
 Gell's Gravitas          Tloc           5%         N/A       7%          3
 Teleport Other           Tloc           11%        N/A       7%          3
 Summon Guardian Golem    Hex/Summ       10%        N/A       9%          3
 Confusing Touch          Hex            8%         N/A       10%         3
 Vampiric Draining        Necr           4%         2d6       10%         3
 Olgreb's Toxic Radiance  Pois           8%         N/A       10%         4
 Cause Fear               Hex            4%         N/A       32%         4
 Dispel Undead            Necr           8%         3d8       32%         4
 Spellforged Servitor     Conj/Summ      15%        N/A       47%         7
 Lehudib's Crystal Spear  Conj/Erth      24%        10d7      47%         8
 Blade Hands              Tmut           4%         N/A       63%         5
 Dispersal                Tloc           5%         N/A       96%         6
 Death Channel            Necr           4%         N/A       99%         6
 Dragon Form              Tmut           4%         N/A       100%        7
 Discord                  Hex            4%         N/A       100%        8
 Maxwell's Capacitive Co  Air            4%         ∞         100%        8


Dungeon Overview and Level Annotations

Branches:
Dungeon (11/15)            Temple (1/1) D:4            Lair (6/6) D:11
  Swamp (0/4) Lair:2       Spider (0/4) Lair:3        Slime (0/5) Lair:5
    Orc (0/2) D:9          Bailey (visited)         Volcano (visited)

Altars:
Ashenzari
Cheibriados
Dithmenos
Elyvilon
Gozag
Hepliaklqana
Kikubaaqudgha
Makhleb
Nemelex Xobeh
Okawaru
Qazlal
Ru
Sif Muna
Trog
Uskayaw
Vehumet
Wu Jian
Xom
Yredelemnul
Zin
The Shining One
Lugonu

Shops:
D:1 :   D:8 (*[*(   D:10 =

Portals:
Abyss: Lair:3

Annotations:
D:7 exclusion: oklob plant


Innate Abilities, Weirdness & Mutations

You are too large for most types of armour.
You have tough skin. (AC +1)


Message History

You whack the blink frog!
Lightning courses through the blink frog!
The blink frog is almost dead.
The blink frog hits you but does no damage.
The blink frog hits you.
The cane toad stings you but does no damage.
The blink frog gives a loud, deep croak!
The blink frog blinks!
The blink frog hits you.
* * * LOW HITPOINT WARNING * * *
The spriggan rider hits you from afar with a +1 spear of freezing!!
* * * LOW HITPOINT WARNING * * *
The spriggan rider freezes you.
* * * LOW HITPOINT WARNING * * *
The blink frog blinks!
There is a broken altar of Ashenzari, spattered with blood here.
Okay, then.
You feel much better. The blink frog barely misses you.
The cane toad misses you. The spriggan rider barely misses you.
The blink frog barely misses you. The cane toad stings you!
* * * LOW HITPOINT WARNING * * *
The blink frog blinks!
The blink frog hits you!
* * * LOW HITPOINT WARNING * * *
The cane toad stings you!
* * * LOW HITPOINT WARNING * * *
You feel much better.
The blink frog blinks!
The spriggan rider hits you from afar with a +1 spear of freezing!
* * * LOW HITPOINT WARNING * * *
The spriggan rider freezes you.
* * * LOW HITPOINT WARNING * * *
The blink frog blinks!
The cane toad barely misses you. The komodo dragon closely misses you.
As you read the scroll of teleportation, it crumbles to dust.
You feel strangely unstable.
The spriggan rider hits you but does no damage.
The cane toad closely misses you. The komodo dragon closely misses you.
The cane toad stings you!
* * * LOW HITPOINT WARNING * * *
The spriggan rider hits you from afar with a +1 spear of freezing.
You die...

#......#.P#..#....#.#.## ♣♣.♣♣
#.....#................###♣♣.♣♣
.........P....................♣
.$........P#...F...##..P.....♣♣
,,,,..#...##........#..##.#..♣
,,,,,*#...#.#..F...##...####♣♣ **
,,,,**#..*##....li[.#...# *.
,,,,,,###* ##...DF......##♣♣ ♣.
,,,,*** #....@.F........♣ *♣.
,,,** #....§...#÷.)...♣ **..
,*,,**** ##.....##.#.<#.♣♣♣ *,,*
,,,,**,***#.....#####...♣♣ ***,**
,,,,,*,*,*##....####....P♣**,,,*
*,,,*,,,,.......#..#....P♣*,,,,*
,,**,,,,,#.#.#...........♣*,,,,**
,,*,,,,**#####..........♣♣*,,,,,*
,*,,,,,,*##..............♣*,,,,**


You could see a six-headed hydra, a spriggan rider, a komodo dragon, a cane toad
and 3 blink frogs.

Vanquished Creatures
  An orc warlord (Bailey)
  Fannar (Lair:2)
  2 boulder beetles
  An ice dragon (Lair:4)
  4 hydras
  A catoblepas (Lair:4)
  6 death yaks (Lair:5)
  3 two-headed ogres
  Sonja (Lair:1)
  A wizard (Volcano)
  2 wolf spiders (Lair:3)
  A cyclops (Volcano)
  2 elephants (Lair:5)
  2 salamanders (Volcano)
  A manticore (Lair:5)
  5 black mambas
  4 molten gargoyles (Volcano)
  An ice statue (Lair:4)
  A torpor snail (Lair:5)
  6 cane toads
  Maggie (D:6)
  4 gargoyles (Volcano)
  3 rime drakes
  11 komodo dragons
  A kobold demonologist (D:11)
  An efreet (Volcano)
  10 polar bears
  2 blink frogs (Lair:5)
  5 hornets
  A dream sheep (Lair:6)
  Sigmund (D:6)
  A redback (Lair:3)
  13 spriggans (Lair:6)
  A shadow (D:9)
  2 wraiths
  40 yaks
  5 wyverns
  4 basilisks
  8 vampire mosquitoes
  4 steam dragons
  Grum (D:7)
  Menkaure (D:7)
  20 water moccasins
  2 acid dragons (D:10)
  7 orc warriors
  6 ice beasts
  5 sky beasts
  4 black bears
  A necrophage (D:5)
  35 wolves
  3 boggarts (Lair:6)
  6 centaurs
  An ogre (D:5)
  2 kobold brigands
  13 bullfrogs
  3 gnoll sergeants
  2 scorpions (D:6)
  A wyvern zombie (D:7)
  A water moccasin skeleton (D:5)
  9 killer bees
  An electric eel (Lair:2)
  2 centaur zombies
  A bullfrog zombie (D:6)
  A bullfrog skeleton (D:5)
  23 jellies
  A centaur skeleton (D:5)
  A gnoll shaman (D:4)
  7 hounds
  6 orc priests
  2 iguanas
  9 orc wizards
  6 hell rats (Lair:1)
  2 hound skeletons
  19 gnolls
  A howler monkey skeleton (D:7)
  6 adders
  3 white imps (Lair:4)
  An ufetubus (D:6)
  2 dart slugs
  35 orcs
  15 endoplasms
  2 giant cockroaches
  9 goblins
  13 hobgoblins
  2 jackals (D:1)
  6 quokkas
  4 ball pythons
  10 bats
  5 frilled lizards
  28 kobolds
  6 rats
  A lurking horror (Lair:3)
517 creatures vanquished.

Vanquished Creatures (collateral kills)
  An ogre (D:4)
  Blork the orc (D:5)
2 creatures vanquished.

Vanquished Creatures (others)
  A hornet (D:7)
  A sky beast (D:7)
  A bush (Lair:6)
  52 fungi
  60 plants
115 creatures vanquished.

Grand Total: 634 creatures vanquished

Notes
Turn   | Place    | Note
-------+----------+-------------------------------------------
     0 | D:1      | Nattfarinn the Ogre Hedge Wizard began the quest for the
                  | Orb.
     0 | D:1      | Reached XP level 1. HP: 16/16 MP: 5/5
   251 | D:1      | Reached skill level 1 in Fighting
   580 | D:1      | Reached XP level 2. HP: 24/28 MP: 6/6
   771 | D:1      | Noticed a great orb of eyes
   810 | D:1      | Found a faded altar of an unknown god.
   812 | D:1      | Noticed a shining eye
   812 | D:1      | Noticed a shining eye
   812 | D:1      | Noticed a golden eye
   958 | D:1      | Reached skill level 1 in Maces & Flails
   958 | D:1      | Found Nyuqused's Book Shop.
  1405 | D:1      | Reached XP level 3. HP: 35/36 MP: 1/8
  2161 | D:2      | Reached XP level 4. HP: 48/48 MP: 1/9
  2929 | D:3      | Found a white marble altar of Elyvilon.
  3710 | D:4      | Noticed a centaur
  3739 | D:4      | Killed a centaur
  3740 | D:4      | Reached XP level 5. HP: 7/55 MP: 6/11
  4069 | D:4      | Reached XP level 6. HP: 61/63 MP: 2/13
  4202 | D:4      | Reached skill level 5 in Spellcasting
  4419 | D:4      | Noticed a black bear
  4447 | D:4      | Killed a black bear
  4475 | D:4      | Reached XP level 7. HP: 71/71 MP: 16/16
  4818 | D:4      | Found a staircase to the Ecumenical Temple.
  4825 | Temple   | Entered the Ecumenical Temple
  5109 | D:4      | Learned a level 2 spell: Call Imp
  5327 | D:5      | Entered Level 5 of the Dungeon
  5445 | D:5      | Noticed Blork the orc
  5458 | D:5      | Killed Blork the orc
  5459 | D:5      | Reached XP level 8. HP: 67/79 MP: 10/19
  5536 | D:5      | Found a sacrificial altar of Ru.
  5988 | D:6      | Noticed Sigmund
  6019 | D:5      | Reached skill level 5 in Maces & Flails
  6098 | D:6      | Noticed Maggie
  6098 | D:6      | Noticed a wyvern
  6115 | D:5      | Killed a wyvern
  6116 | D:5      | Reached skill level 1 in Conjurations
  6151 | D:5      | Reached skill level 5 in Fighting
  6207 | D:6      | Found a bloodstained altar of Trog.
  6226 | D:6      | Reached XP level 9. HP: 45/88 MP: 22/22
  6233 | D:6      | Killed Sigmund
  6447 | D:6      | Noticed a two-headed ogre
  6460 | D:6      | Killed a two-headed ogre
  6661 | D:6      | Killed Maggie
  6662 | D:6      | Reached skill level 5 in Conjurations
  7632 | D:7      | Reached XP level 10. HP: 89/102 MP: 23/23
  7852 | D:7      | Noticed Menkaure
  7862 | D:7      | Killed Menkaure
  7999 | D:7      | Noticed an oklob plant
  8105 | D:7      | Found a radiant altar of Vehumet.
  8158 | D:7      | Became a worshipper of Vehumet
  8770 | D:8      | Noticed Grum
  8806 | D:7      | Killed Grum
  8856 | D:8      | Found Yvaocoamud's General Store.
  8882 | D:8      | Reached * piety under Vehumet
  8882 | D:8      | Offered knowledge of Shock by Vehumet.
  8920 | D:8      | Learned a level 1 spell: Shock
  9095 | D:8      | Found Ubyn Col's Antique Armour Emporium.
  9110 | D:8      | Identified the +1 long sword of Extiten {speed, rN+ Str+3
                  | Int+2}
  9230 | D:8      | Found Deimozua's Antique Weapon Shoppe.
  9324 | D:8      | Found Qaan Woe's Weapon Shoppe.
  9557 | D:8      | Found Teskozxy's General Store.
  9621 | D:9      | Found an opulent altar of Gozag.
  9628 | D:9      | Found a staircase to the Orcish Mines.
 10199 | D:9      | Reached XP level 11. HP: 69/115 MP: 24/24
 10345 | D:9      | Found an iron altar of Okawaru.
 10795 | D:9      | Offered knowledge of Sandblast by Vehumet.
 11072 | D:8      | Learned a level 1 spell: Sandblast
 11119 | D:10     | Entered Level 10 of the Dungeon
 11150 | D:10     | Reached ** piety under Vehumet
 11197 | D:10     | Found a flagged portal.
 11221 | Bailey   | Entered a bailey
 11226 | Bailey   | Noticed an orc warlord
 11324 | Bailey   | Found a runed translucent gate.
 11325 | Bailey   | Found a runed translucent gate.
 11326 | Bailey   | Found a runed translucent gate.
 11374 | Bailey   | Reached skill level 10 in Fighting
 11569 | Bailey   | Killed an orc warlord
 11886 | D:10     | Noticed a two-headed ogre
 11895 | D:10     | Killed a two-headed ogre
 12180 | D:10     | Offered knowledge of Poisonous Vapours by Vehumet.
 12475 | D:10     | Found Telaoski's Jewellery Emporium.
 12489 | D:10     | Bought the ring of the Moon {rElec rPois Dex+2} for 534
                  | gold pieces
 13074 | D:11     | Reached *** piety under Vehumet
 13170 | D:11     | Found a staircase to the Lair.
 13206 | D:11     | Reached skill level 10 in Conjurations
 13456 | D:11     | Noticed a two-headed ogre
 13466 | D:11     | Killed a two-headed ogre
 13466 | D:11     | Offered knowledge of Stone Arrow by Vehumet.
 13636 | D:11     | Learned a level 3 spell: Stone Arrow
 13636 | D:11     | Reached XP level 12. HP: 130/130 MP: 25/25
 13637 | D:11     | Reached skill level 10 in Earth Magic
 13637 | D:11     | Reached XP level 13. HP: 137/137 MP: 26/26
 13672 | Lair:1   | Entered Level 1 of the Lair of Beasts
 13704 | Lair:1   | Reached XP level 14. HP: 135/146 MP: 16/27
 13901 | Lair:1   | Identified the +7 quarterstaff "Fyfunt" {drain, rN+ Dex+2
                  | Stlth-}
 14331 | Lair:1   | Reached **** piety under Vehumet
 14681 | Lair:1   | Noticed Sonja
 14685 | Lair:1   | Killed Sonja
 15031 | Lair:2   | Offered knowledge of Iskenderun's Battlesphere by Vehumet.
 15547 | Lair:2   | Found a staircase to the Swamp.
 15663 | Lair:2   | Noticed Fannar
 15684 | Lair:2   | Killed Fannar
 15685 | Lair:2   | Reached skill level 10 in Maces & Flails
 16658 | Lair:3   | Found a corrupted altar of Lugonu.
 16667 | Lair:3   | Learned a level 7 spell: Orb of Destruction
 16667 | Lair:3   | Found a one-way gate to the infinite horrors of the Abyss.
 17397 | Lair:3   | Found a hole to the Spider Nest.
 17798 | Lair:4   | Reached ***** piety under Vehumet
 18015 | Lair:4   | Offered knowledge of Yara's Violent Unravelling by Vehumet.
 18022 | Lair:4   | Learned a level 5 spell: Yara's Violent Unravelling
 19160 | Lair:4   | Identified a scroll of acquirement
 19161 | Lair:4   | Acquired the ring "Seloaxe" {Wiz Contam rF+ rN+}
 19591 | Lair:5   | Found a staircase to the Slime Pits.
 19646 | Lair:5   | Reached skill level 5 in Dodging
 19762 | Lair:5   | Identified the +6 plate armour of the Barnacle {Fly Int+2}
 19886 | Lair:5   | Reached XP level 15. HP: 147/156 MP: 28/28
 20296 | Lair:6   | Entered Level 6 of the Lair of Beasts
 20296 | Lair:6   | Found a broken altar of Ashenzari.
 20380 | Lair:6   | Found a dark tunnel.
 20391 | Volcano  | Entered a volcano
 20732 | Volcano  | Noticed an orb of fire
 20950 | Volcano  | Noticed an orb of fire
 21687 | Lair:5   | Offered knowledge of Conjure Ball Lightning by Vehumet.
 22553 | Lair:6   | Reached skill level 10 in Dodging
 22715 | Lair:6   | Reached skill level 1 in Shields
 23236 | Lair:6   | HP: 2/156 [cane toad (16)]
 23236 | Lair:6   | Slain by a spriggan rider

Illustrated notes

Levels and vault maps discovered:
D:1:      sevenhm_arrival_forest_fort_large_1, layout_loops_ring,
          hellmonk_ecumenical_altar_watching_god, serial_forest,
          infiniplex_forest_zigzag_1, infiniplex_forest_clump_long,
          infiniplex_forest_lined_corner, infiniplex_forest_lined_room_,
          infiniplex_forest_clump_cross, infiniplex_forest_straight_4,
          infiniplex_forest_straight_3, serial_shops,
          nicolae_shop_competitors_out_of_business
D:2:      layout_basic
D:3:      layout_loops_cross, mainiacjoe_overflow_brackets,
          kennysheep_generic_room_10
D:4:      layout_cave_pods, minmay_temple_entry_enclosed_plants,
          kennysheep_cluttered_room, grunt_ministairs_10
D:5:      layout_rooms, nicolae_ru_awakened_eye, uniq_blork_the_orc
D:6:      layout_layer_cave, minmay_ruined_shrine, uniq_maggie, uniq_sigmund
D:7:      lemuel_slime, layout_basic, nicolae_vehumet_radiance,
          hangedman_misty_isle, uniq_menkaure
D:8:      layout_basic, serial_shops, shop_fountains, nicolae_shop_trees, shop,
          nicolae_shop_trees, kennysheep_little_box,
          chequers_serial_rivers_micro_d, chequers_avenue, uniq_grum
D:9:      layout_stronghold, nicolae_overflow_hidden_temple,
          mainiacjoe_overflow_tiny_flanked, orc_0_dummy, serial_bayou_pond_b
D:10:     layout_loops_corners, enter_bailey_5, serial_shops, shop,
          dk_vineyard_1
D:11:     layout_loops_ring, lair_entry_dummy
Temple:   nicolae_temple_elliptical
Lair:1:   layout_cave_shapes, serial_rivers, chequers_serial_rivers_room_b,
          chequers_serial_rivers_micro_d, chequers_serial_rivers_micro_b,
          chequers_serial_rivers_micro_b, serial_bayou_shore_a, uniq_sonja
Lair:2:   layout_chaotic_city, minmay_swamp_entry_swarm,
          grunt_forest_small_clearing_treed, grunt_megastairs_2,
          infiniplex_staircase_pool, uniq_fannar
Lair:3:   layout_layer_cave, spider_nest_entry_funnel_web,
          amcnicky_altar_lugonu_corruption
Lair:4:   layout_roguey, ice2_lemuel
Lair:5:   layout_hall_layers, minmay_slime_entry_jelly_boxes,
          beast_lair_carwin_5, grunt_megastairs_5
Lair:6:   minmay_lair_end_enchanted_forest, layout_loops_ring,
          nicolae_volcano_entry_hallway, basic_altar, lemuel_fruit_tree,
          lemuel_fruit_fields

Skill      XL: |  1  2  3  4  5  6  7  8  9 10 11 12 13 14 15 |
---------------+----------------------------------------------+-----
Fighting       | 1 2 3 4 5 7 9 11 12 | 12.0
Maces & Flails | 1 2 3 4 5 6 7 9 12 | 12.0
Spellcasting   | 4 6 7 9 |  9.0
Conjurations   | 3 5 8 10 11 | 11.2
Earth Magic    | 7 10 | 10.5
Dodging        | 5 10 | 10.0
Shields        | 3 |  3.4
Stealth        | |  1.4
Summonings     | |  0.8
Translocations | |  0.8

Action                   |  1- 3 |  4- 6 |  7- 9 | 10-12 | 13-15 || total
-------------------------+-------+-------+-------+-------+-------++-------
Melee: Whip              |    34 |   134 |   276 |   609 |   875 ||  1928
       Dagger            |     5 |       |       |       |       ||     5
 Cast: Magic Dart        |    72 |   111 |       |     4 |       ||   187
       Call Imp          |       |       |     8 |       |       ||     8
       Shock             |       |       |       |    47 |    37 ||    84
       Stone Arrow       |       |       |       |       |   242 ||   242
       Orb of Destructio |       |       |       |       |    28 ||    28
Evoke: Wand              |       |       |       |    16 |     8 ||    24
       Condenser vane    |       |       |       |       |     1 ||     1
  Use: Potion            |       |     1 |     1 |     5 |    11 ||    18
       Scroll            |       |       |    15 |     7 |    21 ||    43
 Stab: Sleeping          |       |     1 |     1 |       |     2 ||     4
Armor: Robe              |    16 |    86 |    81 |       |       ||   183
       Steam dragon scal |       |       |    29 |   186 |   412 ||   627
Dodge: Dodged            |    37 |   116 |   143 |   508 |   589 ||  1393

Table legend: (Time is in decaauts)
 A = Elapsed time spent in this place.
 B = Non-inter-level travel time spent in this place.
 C = Inter-level travel time spent in this place.
 D = Time resting spent in this place.
 E = Time spent auto-exploring this place.
 F = Levels seen in this place.
 G = Mean time per level.
                   A        B        C        D        E       F      G
               +--------+--------+--------+--------+--------+-----+--------+
         Total |  22704 |  21754 |    950 |   2425 |  14951 |  20 | 1135.2 |
       Dungeon |  12698 |  12025 |    673 |    862 |   8885 |  11 | 1154.4 |
        Temple |    176 |    162 |     14 |      0 |    130 |   1 |  176.0 |
          Lair |   8467 |   8204 |    263 |   1389 |   5342 |   6 | 1411.2 |
        Bailey |    612 |    612 |      0 |     83 |    101 |   1 |  612.0 |
       Volcano |    749 |    749 |      0 |     91 |    493 |   1 |  749.0 |
               +--------+--------+--------+--------+--------+-----+--------+

Top non-repeatable levels by time:
  Lair:5: 2148 daAuts
     D:1: 1620 daAuts
     D:6: 1475 daAuts
     D:3: 1463 daAuts
  Lair:4: 1433 daAuts
  Lair:3: 1384 daAuts
  Lair:1: 1361 daAuts
     D:9: 1329 daAuts
     D:7: 1324 daAuts
     D:4: 1299 daAuts
  Lair:2: 1181 daAuts
    D:10: 1044 daAuts
  Lair:6: 956 daAuts
     D:8: 912 daAuts
    D:11: 815 daAuts
